 Dungeon Crawl Stone Soup version 0.18-a0-1562-gac8da35 (webtiles) character file.

339 M4edhros the Sneak (level 6, 0/38 HPs)
             Began as an Octopode Artificer on Mar 13, 2016.
             Slain by a centaur skeleton (3 damage)
             ... on level 4 of the Dungeon.
             The game lasted 00:02:24 (1983 turns).

M4edhros the Sneak (Octopode Artificer)             Turns: 1983, Time: 00:02:25

Health: 0/38       AC:  1    Str: 11    XL:     6   Next: 55%
Magic:  20/27      EV: 13    Int: 14    God:
Gold:   61         SH:  0    Dex: 14    Spells: 0 memorised, 5 levels left

rFire  . . .     SeeInvis .     l - +1 dagger (venom)
rCold  . . .     Gourm    .     (no shield)
rNeg   . . .     Faith    .     (helmet restricted)
rPois  .         Spirit   .     (no amulet)
rElec  .         Dismiss  .     e - ring of magical power
rCorr  .         Reflect  .     u - ring of magical power
SustAt .         Harm     .     (no ring)
MR     .....                    (no ring)
Stlth  +++++.....               (no ring)
                                (no ring)
                                (no ring)
                                (no ring)

@: not resistant to hostile enchantments, quite stealthy
A: almost no armour, amphibious, 8 rings, constrict 8, camouflage 1, gelatinous
body 1
a: no special abilities


You were on level 4 of the Dungeon.
You were not hungry.

You visited 1 branch of the dungeon, and saw 4 of its levels.

You collected 61 gold pieces.

Inventory:

Hand Weapons
 a - a +0 short sword
 h - a +1 dagger of draining
 k - a +2 vampiric dagger
 l - a +1 dagger of venom (weapon)
Jewellery
 e - a ring of magical power (left tentacle)
 u - a ring of magical power (right tentacle)
Wands
 b - a wand of flame (6/48)
 c - a wand of enslavement (10/24)
 d - a wand of random effects (14/48)
 t - a wand of polymorph (4/24)
Scrolls
 g - 4 scrolls of remove curse {unknown}
 i - 2 scrolls of enchant armour {unknown}
 o - a scroll of fear {unknown}
 p - a scroll of amnesia {unknown}
 q - 2 scrolls of identify {unknown}
 r - a scroll of noise {unknown}
 s - 3 scrolls of teleportation {unknown}
Comestibles
 f - a bread ration
 j - a meat ration
 m - a chunk of flesh
 n - a slice of pizza


   Skills:
 - Level 1.0 Fighting
 - Level 1.0 Short Blades
 + Level 3.7 Dodging
 * Level 6.5 Stealth
 + Level 4.8 Evocations


You had 5 spell levels left.
You didn't know any spells.

Dungeon Overview and Level Annotations

Branches:
Dungeon (4/15)
 Temple: D:4-7

Altars:
Ashenzari
Trog

Annotations:
D:4 M4edhros's ghost, novice OpAr


Innate Abilities, Weirdness & Mutations

You cannot wear most types of armour.
You are amphibious.
You can wear up to eight rings at the same time.
You can use your tentacles to constrict eight enemies at once.
Your skin changes colour to match your surroundings (Stealth).
Your rubbery body absorbs attacks (AC +1).


Message History

You hit the centaur skeleton. The centaur skeleton misses you.
You hit the centaur skeleton but do no damage.
The centaur skeleton hits you.
You hit the centaur skeleton but do no damage.
The centaur skeleton closely misses you.
The centaur skeleton barely misses you.
You hit the centaur skeleton. The centaur skeleton barely misses you.
You hit the centaur skeleton. The centaur skeleton hits you.
* * * LOW HITPOINT WARNING * * *
You hit the centaur skeleton.
The centaur skeleton closely misses you.
Evoke which item? (* to show all) (? for menu, Esc to quit)
Zapping:
b - a wand of flame (7/48)
Press: ? - help, Shift-Dir - straight line, f - centaur skeleton
Aim: a centaur skeleton The puff of flame hits the centaur skeleton.
This wand has 6 charges left.
The centaur skeleton hits you.
* * * LOW HITPOINT WARNING * * *
The centaur skeleton hits you.
You die...

....#.#.#... #........# ####
#..#.#.#.#....#
.#.##.......#.##.#
.[.....<.......#.### ###
...######.#.#..#.#.# #.. .###
#.#.####.#.# #.. .....
######.#......#.###..
##########...@Z...............
..............#...........W...
########..###.##########.####.
#........#<....# #....).
##.#####..#.....##### ##...#.
................... ..#####...
...#####........### ........
##.#.....# #########.
#.#.....#####.......#.


You could see a centaur skeleton.

Vanquished Creatures
  A phantom (D:4)
  An ogre (D:4)
  Natasha (thrice) (D:3)
  A worker ant (D:4)
  A gnoll (D:4)
  3 adders
  2 oozes
  3 worms
  A dart slug (D:1)
  A giant gecko (D:1)
  An orc (D:3)
  2 giant cockroaches
  2 goblins (D:1)
  3 hobgoblins
  2 jackals (D:4)
  5 kobolds
  A ball python (D:2)
  7 bats
  A giant gecko skeleton (D:3)
  A giant newt (D:1)
  2 rats
44 creatures vanquished.

Vanquished Creatures (collateral kills)
  A gnoll (D:4)
1 creature vanquished.

Vanquished Creatures (others)
  A worker ant (D:4)
  A gnoll (D:4)
2 creatures vanquished.

Grand Total: 47 creatures vanquished

Notes
Turn   | Place    | Note
--------------------------------------------------------------
     0 | D:1      | M4edhros the Octopode Artificer began the quest for the Orb.
     0 | D:1      | Reached XP level 1. HP: 13/13 MP: 3/3
   198 | D:1      | Reached skill level 2 in Stealth
   212 | D:1      | Reached XP level 2. HP: 5/18 MP: 4/4
   530 | D:1      | Reached skill level 3 in Stealth
   743 | D:1      | Reached XP level 3. HP: 23/23 MP: 5/5
  1154 | D:2      | Found a shattered altar of Ashenzari.
  1225 | D:3      | Reached XP level 4. HP: 26/28 MP: 6/6
  1235 | D:3      | Noticed Natasha
  1245 | D:3      | Killed Natasha
  1245 | D:3      | Reached skill level 4 in Stealth
  1376 | D:3      | Noticed Natasha
  1379 | D:3      | Killed Natasha
  1379 | D:3      | Reached XP level 5. HP: 30/33 MP: 8/8
  1411 | D:3      | Found a bloodstained altar of Trog.
  1453 | D:3      | Noticed Natasha
  1462 | D:3      | Killed Natasha
  1462 | D:3      | Reached skill level 5 in Stealth
  1749 | D:4      | Noticed an ogre
  1754 | D:4      | Killed an ogre
  1754 | D:4      | Reached XP level 6. HP: 38/38 MP: 9/9
  1762 | D:4      | Noticed a phantom
  1773 | D:4      | Noticed M4edhros's ghost (novice OpAr)
  1896 | D:4      | Reached skill level 6 in Stealth
  1922 | D:4      | Killed a phantom
  1983 | D:4      | Slain by a centaur skeleton

Vault maps used:
D:1:      dpeg_arrival_boxes_within_box
D:2:      kennysheep_six_static_rooms, ashenzari_altar_1, first_bread,
          nicolae_qazlal_style_of_elements
D:3:      bloody_trog, uniq_natasha
D:4:      serial_co_window_serial, co_window_paths_b, co_window_paths_a,
          co_window_paths_a, co_window_paths_a, co_window_corner_a,
          co_window_unsneaky_path_c, co_window_corner_b,
          co_window_of_opportunity_c, co_window_2corner, co_window_4corner_b,
          glass_columns_a, glass_columns_a, glass_columns_b, glass_columns_c,
          glass_columns_b

Skill      XL: |  1  2  3  4  5  6 |
---------------+-------------------+-----
Stealth        | 2 3 4 5 6 |  6.5
Evocations     | 4 |  4.8
Dodging        | 3 |  3.7
Fighting       | |  1.0
Short Blades   | |  1.0

Action                   |  1- 3 |  4- 6 || total
-------------------------+-------+-------++-------
Melee: Short sword       |    26 |       ||    26
       Dagger            |    21 |    51 ||    72
Evoke: Wand              |       |    15 ||    15
  Use: Potion            |       |     2 ||     2
 Stab: Sleeping          |    10 |     1 ||    11
  Eat: Chunk             |       |     3 ||     3
